 Dungeon Crawl Stone Soup version 0.19.1-1-g22dce08 (webtiles) character file.

252 theAP the Chopper (level 6, -2/56 HPs)
             Began as a Hill Orc Fighter on Jan 5, 2017.
             Slain by theAP's ghost (5 damage)
             ... on level 4 of the Dungeon.
             The game lasted 00:06:20 (2325 turns).

theAP the Chopper (Hill Orc Fighter)                Turns: 2325, Time: 00:06:21

Health: -2/56      AC: 12    Str: 26    XL:     6   Next: 13%
Magic:  6/6        EV: 11    Int:  8    God:
Gold:   190        SH: 10    Dex: 15    Spells: 0 memorised, 5 levels left

rFire  . . .     SeeInvis .     a - +1 war axe
rCold  . . .     Gourm    .     k - +0 chain mail
rNeg   . . .     Faith    .     c - +0 shield
rPois  .         Spirit   .     l - +1 hat
rElec  .         Reflect  .     w - +0 cloak
rCorr  .         Harm     .     e - +0 pair of gloves
MR     .....                    (no boots)
Stlth  ..........               y - amulet of rage
                                (no ring)
                                (no ring)

@: mighty, agile, very slightly contaminated, hasted, very quick
A: no striking features
a: Evoke Berserk Rage


You were on level 4 of the Dungeon.
You were not hungry.

You visited 1 branch of the dungeon, and saw 4 of its levels.

You collected 190 gold pieces.

Inventory:

Hand Weapons
 a - a +1 war axe (weapon)
Armour
 b - a +0 scale mail
 c - a +0 shield (worn)
 e - a +0 pair of gloves (worn)
 k - a +0 chain mail (worn)
 l - a +1 hat (worn)
 w - a +0 cloak (worn)
Jewellery
 y - an amulet of rage (around neck)
Wands
 q - a wand of disintegration (10/24)
 t - a wand of confusion (21/48)
Scrolls
 m - a scroll of magic mapping
 o - a scroll of recharging
 p - 5 scrolls of identify
 v - a scroll of teleportation {unknown}
 x - a scroll of remove curse
Potions
 h - a potion of lignification {unknown}
 i - 2 potions of degeneration {unknown}
 j - a potion of heal wounds {unknown}
 n - a potion of haste
 r - a potion of flight {unknown}
 s - a potion of ambrosia {unknown}
Comestibles
 f - 2 bread rations
 z - 3 chunks of flesh
 A - a meat ration


   Skills:
 + Level 5.4 Fighting
 * Level 6.9 Axes
 - Level 3.2 Armour
 - Level 3.2 Shields


You had 5 spell levels left.
You didn't know any spells.

Dungeon Overview and Level Annotations

Branches:
Dungeon (4/15)
 Temple: D:4-7

Altars:
Gozag
Okawaru
Vehumet
Yredelemnul

Annotations:
D:4 theAP's ghost, amateur GrFi


Message History

You are too injured to fight recklessly!
You feel better.
TheAP's ghost hits you but does no damage.
You feel very mighty all of a sudden.
You hit theAP's ghost.
TheAP's ghost is moderately damaged.
TheAP's ghost hits you but does no damage.
Your shield prevents you from hitting theAP's ghost.
TheAP's ghost is moderately damaged.
TheAP's ghost hits you!
* * * LOW HITPOINT WARNING * * *
You closely miss theAP's ghost.
TheAP's ghost is moderately damaged.
TheAP's ghost barely misses you.
You hit theAP's ghost but do no damage.
TheAP's ghost is moderately damaged.
You slash theAP's ghost!
TheAP's ghost is heavily damaged.
TheAP's ghost hits you.
You die...

#.........
#.....[........#
#..............#
#.>............#
#.....#.....?.##
#..............#
#..............##.
##..#......)......
#).......@W....#
##...#............
##...###.......##..
#....##.......##
#.#.....#######
#####.#..####
##........##
..^#.###...# .....#
#.#.#


You could see theAP's ghost.

Vanquished Creatures
  A hound (D:4)
  Crazy Yiuf (D:3)
  An orc wizard (D:4)
  A worker ant (D:4)
  A gnoll (D:2)
  4 adders
  An ooze (D:3)
  2 dart slugs (D:3)
  3 leopard geckos
  13 orcs
  4 giant cockroaches
  9 hobgoblins
  A quokka (D:3)
  A ball python (D:2)
  6 bats
  4 frilled lizards
  11 goblins
  5 kobolds
  6 rats
75 creatures vanquished.

Notes
Turn   | Place    | Note
-------+----------+-------------------------------------------
     0 | D:1      | theAP the Hill Orc Fighter began the quest for the Orb.
     0 | D:1      | Reached XP level 1. HP: 19/19 MP: 1/1
    23 | D:1      | Reached skill level 3 in Axes
    53 | D:1      | Reached XP level 2. HP: 8/27 MP: 2/2
   503 | D:1      | Reached skill level 4 in Axes
   640 | D:1      | Reached XP level 3. HP: 33/33 MP: 3/3
   973 | D:2      | Found a radiant altar of Vehumet.
  1066 | D:2      | Found an iron altar of Okawaru.
  1471 | D:2      | Reached XP level 4. HP: 39/41 MP: 4/4
  1662 | D:2      | Reached skill level 5 in Axes
  1850 | D:3      | Found a faded altar of an unknown god.
  1944 | D:3      | Found an opulent altar of Gozag.
  1991 | D:3      | Found a basalt altar of Yredelemnul.
  2005 | D:3      | Reached XP level 5. HP: 47/47 MP: 5/5
  2173 | D:3      | Found a runed door.
  2177 | D:3      | Noticed Crazy Yiuf
  2188 | D:3      | Killed Crazy Yiuf
  2188 | D:3      | Reached skill level 6 in Axes
  2243 | D:4      | Reached skill level 5 in Fighting
  2268 | D:4      | Reached XP level 6. HP: 42/56 MP: 6/6
  2299 | D:4      | Noticed theAP's ghost (amateur GrFi)
  2325 | D:4      | Slain by theAP's ghost

Skill      XL: |  1  2  3  4  5 |
---------------+----------------+-----
Axes           | 3 4 5 6 |  6.9
Fighting       | 4 5 |  5.4
Armour         | |  3.2
Shields        | |  3.2

Action                   |  1- 3 |  4- 6 || total
-------------------------+-------+-------++-------
Melee: War axe           |   128 |   116 ||   244
  Use: Scroll            |     6 |       ||     6
       Potion            |       |     5 ||     5
  Eat: Chunk             |     2 |     3 ||     5
Armor: Scale mail        |    41 |       ||    41
       Chain mail        |    53 |    56 ||   109
Dodge: Dodged            |    42 |    29 ||    71
Block: Shield            |   101 |    58 ||   159
